 Dungeon Crawl Stone Soup version 0.30.0-13-g156ef70053 (webtiles) character file.

Game seed: 16415132537510579910

550 browni3141 the Chopper (level 7, 0/58 (61) HPs)
             Began as a Minotaur Fighter on May 17, 2023.
             Slain by a wight
             ... wielding a +4 mace
              (3 damage)
             ... on level 4 of the Dungeon.
             The game lasted 00:01:37 (2780 turns).

browni3141 the Chopper (Minotaur Fighter)           Turns: 2780, Time: 00:01:37

HP:   0/58 (61)     AC: 12    Str: 20    XL:     7   Next: 7%
MP:   6/6           EV:  6    Int:  5    God:
Gold: 261           SH:  5    Dex: 12    Spells: 6/6 levels left

rFire   . . .        a - +0 war axe
rCold   . . .        c - +0 buckler
rNeg    . . .        R - +0 plate armour
rPois   .            (helmet restricted)
rElec   .            (no cloak)
rCorr   .            (no gloves)
SInv    .            (no boots)
Will    .....        (no amulet) Stlth
                     (no ring)
HPRegen 0.29/turn    (no ring)
MPRegen 0.10/turn

%: no passive effects
@: mighty, lightly drained
A: horns 2, retaliatory headbutt
a: no special abilities


You were on level 4 of the Dungeon.
You visited 1 branch of the dungeon, and saw 4 of its levels.

You collected 261 gold pieces.

Inventory:

Hand Weapons
 a - a +0 war axe (weapon)
Armour
 b - a +0 scale mail
 c - a +0 buckler (worn)
 R - a +0 plate armour (worn)
Scrolls
 O - 2 scrolls of teleportation {unknown}
 P - a scroll of enchant armour {unknown}
 Q - 2 scrolls of amnesia {unknown}
 S - a scroll of fear {unknown}
 T - a scroll of noise {unknown}
 U - 4 scrolls of identify {unknown}
 V - a scroll of poison {unknown}
 W - a scroll of enchant weapon {unknown}
 X - a scroll of acquirement {unknown}
Potions
 N - a potion of berserk rage {unknown}
 Y - a potion of invisibility {unknown}
 Z - a potion of brilliance {unknown}


   Skills:
 + Level 5.0 Fighting
 * Level 5.7 Axes
 + Level 5.1 Armour
 + Level 3.0 Dodging
 + Level 5.2 Shields


You had 6 spell levels left.
You didn't know any spells.
Your spell library contained the following spells:

 Spells                   Type           Power      Damage    Failure   Level
 Frozen Ramparts          Ice            0%         1d1       100%        3
 Ice Form                 Ice/Tmut       0%         N/A       100%        4
 Summon Ice Beast         Ice/Summ       0%         N/A       100%        4


Dungeon Overview and Level Annotations

Branches:
Dungeon (4/15)
 Temple: D:4-7

Altars:

Shops:
D:1 (   D:3 [


Innate Abilities, Weirdness & Mutations

You have a pair of horns on your head.
You reflexively headbutt those who attack you in melee.


Message History

Deactivating autopickup; reactivate with Ctrl-A.
Something hits you but does no damage.
There is a strange disturbance nearby!
There is a strange disturbance nearby!
There is a strange disturbance nearby!
There is a strange disturbance nearby!
There is a strange disturbance nearby!
You barely miss something. Your headbutt misses something.
Something hits you but does no damage.
You hit something. Your headbutt misses something.
Something hits you but does no damage. x2
You miss something. Something hits you but does no damage.
You miss something. Your headbutt misses something. Something hits you.
Something shocks you.
You closely miss something. Something hits you but does no damage.
You miss something. Your headbutt misses something.
Something hits you but does no damage. x2
You barely miss something. Something hits you. Something shocks you.
You hit something.
A sky beast appears from thin air!
Reactivating autopickup.
The sky beast hits you but does no damage.
You slash the sky beast!
You kill the sky beast!
Your Shields skill increases to level 5!
You enter the shallow water.
Moving in this stuff is going to be slow.
Found a stone staircase leading down.
You see here a sky beast corpse.
You now have 261 gold pieces (gained 10).
There is a stone staircase leading down here.
You see here a sky beast corpse.
Key pressed, stopping explore.
Things that are here:
a +0 dagger; a +0 sling; a goblin skeleton
Things that are here:
a +0 dagger; a +0 sling; a goblin skeleton You open the door.
There is an open door here.
You open the door.
You open the door. 4 wights come into view.
There are monsters nearby!
There are monsters nearby!
There are monsters nearby!
There are monsters nearby!
You barely miss the wight. You headbutt the wight.
The wight is lightly damaged.
The wight barely misses you.
You closely miss the wight. You headbutt the wight.
The wight is heavily damaged.
The wight barely misses you.
You slash the wight!
You headbutt the wight, but do no damage.
The wight is severely damaged.
You hit the wight. Your headbutt misses the wight.
The wight is severely damaged.
You block the wight's attack.
You slash the wight!
You destroy the wight!
You hit the wight but do no damage.
Your Armour skill increases to level 5!
You barely miss the wight.
The wight is heavily damaged.
You barely miss the wight. The wight closely misses you.
You furiously retaliate!
You headbutt the wight. The wight hits you but does no damage.
The wight hits you with a +0 dire flail.
The wight hits you with a +0 scimitar.
You feel drained.
You barely miss the wight.
The wight is heavily damaged.
You hit the wight but do no damage. You hit the wight.
The wight hits you with a +0 scimitar!
You feel drained. The wight closely misses you. You block the wight's attack.
You closely miss the wight. Your headbutt misses the wight.
The wight is heavily damaged.
You hit the wight but do no damage. You closely miss the wight.
The wight hits you with a +4 mace!
You feel drained. The wight hits you but does no damage.
The wight barely misses you.
You barely miss the wight.
The wight is heavily damaged.
You closely miss the wight. You hit the wight.
The wight hits you but does no damage. The wight barely misses you. x2
You slash the wight!
The wight is almost destroyed.
You hit the wight but do no damage. You closely miss the wight.
The wight completely misses you. You furiously retaliate!
You headbutt the wight!
You destroy the wight!
The wight hits you with a +4 mace!
The wight hits you with a +0 dire flail!
Your Fighting skill increases to level 5!
Your Dodging skill increases to level 3!
You have reached level 7!
You feel very mighty all of a sudden. The wight barely misses you. x2
You barely miss the wight.
The wight is heavily damaged.
You closely miss the wight. The wight hits you with a +4 mace!
The wight hits you but does no damage. The wight hits you with a +4 mace.
You die...

#.....####'####
... #.....#
#.....# ##
#.....# #.....#
#.....# #.....#
#########.....#
#..'.....#
####+##.....#
..:...#)....#
......z@#####
......#z# .....
#.# :... #.#
### #.# #.. #..
#..


You could see 2 wights.

Vanquished Creatures
  A sky beast (D:4)
  A black bear (D:4)
  2 wights (D:4)
  An orc priest (D:4)
  2 iguanas (D:4)
  2 orc wizards
  5 adders
  A worm (D:4)
  A dart slug (D:1)
  6 orcs
  3 ball pythons
  8 bats
  9 endoplasms
  6 giant cockroaches
  3 goblins
  6 hobgoblins
  7 jackals
  A kobold (D:4)
  2 quokkas (D:1)
  5 frilled lizards
  5 rats
77 creatures vanquished.

Notes
Turn   | Place    | Note
-------+----------+-------------------------------------------
     0 | D:1      | browni3141 the Minotaur Fighter began the quest for the
                  | Orb.
     0 | D:1      | Reached XP level 1. HP: 19/19 MP: 0/0
    51 | D:1      | Reached XP level 2. HP: 27/27 MP: 1/1
   107 | D:1      | Reached skill level 3 in Axes
   219 | D:1      | Reached XP level 3. HP: 33/33 MP: 2/2
   340 | D:1      | Found Myrph's Antique Weapon Shoppe.
   988 | D:2      | Reached XP level 4. HP: 40/40 MP: 3/3
  1761 | D:3      | Found Jaopp's Antique Armour Shop.
  2087 | D:4      | Noticed a black bear
  2098 | D:4      | Reached XP level 5. HP: 26/46 MP: 4/4
  2101 | D:4      | Killed a black bear
  2239 | D:4      | Identified the +10 long sword "Hiacot" {holy, Dex+6}
  2288 | D:4      | Reached XP level 6. HP: 24/53 MP: 5/5
  2299 | D:4      | HP: 1/53 [something/puff of flame (10)]
  2573 | D:4      | Noticed a sky beast
  2598 | D:4      | Killed a sky beast
  2779 | D:4      | Reached skill level 3 in Dodging
  2779 | D:4      | Reached XP level 7. HP: 10/58 MP: 6/6
  2780 | D:4      | Slain by a wight

Illustrated notes

Levels and vault maps discovered:
D:1:      psy_arrival_conway, layout_basic, serial_shops, shop,
          ebering_dispersal_statue_hall
D:2:      layout_loops_corners
D:3:      layout_basic, serial_shops, shop
D:4:      layout_basic, grunt_decor_junction, glass_columns_a

Skill      XL: |  1  2  3  4  5  6 |
---------------+-------------------+-----
Axes           | 3 4 5 |  5.7
Shields        | 4 5 |  5.2
Armour         | 4 5 |  5.1
Dodging        | 1 2 3 |  3.0
Fighting       | 4 5 |  5.0

Action                     |  1- 3 |  4- 6 |  7- 9 || total
---------------------------+-------+-------+-------++-------
  Melee: War axe           |    83 |   112 |     1 ||   196
         Headbutt          |    13 |    16 |       ||    29
    Use: Potion            |       |       |     1 ||     1
 Armour: Scale mail        |    30 |       |       ||    30
         Plate armour      |    19 |    74 |     1 ||    94
  Dodge: Dodged            |    44 |    29 |     2 ||    75
  Block: Buckler           |    22 |    21 |       ||    43
